 Dungeon Crawl Stone Soup version 0.31-a0-489-g282fc92437 (webtiles) character file.

Game seed: 18040831020961644300

106 Ethylacetat the Sneak (level 4, -1/31 HPs)
             Began as an Octopode Brigand on Aug 8, 2023.
             Succumbed to an orc's poison
             ... on level 3 of the Dungeon.
             The game lasted 00:02:08 (2073 turns).

Ethylacetat the Sneak (Octopode Brigand)            Turns: 2073, Time: 00:02:08

Health: -1/31      AC:  1    Str: 10    XL:     4   Next: 84%
Magic:  4/4        EV: 18    Int: 13    God:
Gold:   155        SH:  0    Dex: 15    Spells: 3/3 levels left

rFire   . . .        a - +2 dagger
rCold   . . .        (no shield)
rNeg    . . .        (helmet currently unavailable)
rPois   .            (no amulet)
rElec   .            l - +5 ring of evasion
rCorr   .            (no ring)
SInv    .            (no ring)
Will    .....        (no ring)
Stlth   ++++         (no ring)
HPRegen 0.25/turn    (no ring)
MPRegen 0.09/turn    (no ring)
                     (no ring)

%: no passive effects
@: lethally poisoned (-1 -> -8), beast-form
A: beast (slay +0), almost no armour, amphibious, 8 rings, camouflage 1,
gelatinous body 1, (nimble swimmer 1), tentacles
a: Begin Untransformation


You were on level 3 of the Dungeon.
You were a hulking beast.
You visited 1 branch of the dungeon, and saw 3 of its levels.

You collected 155 gold pieces.

Inventory:

Hand Weapons
 a - a +2 dagger (weapon)
Missiles
 b - 9 poisoned darts (quivered)
 c - 3 curare-tipped darts
 d - 5 atropa-tipped darts
Jewellery
 l - a +5 ring of evasion (left tentacle)
Talismans
 f - a beast talisman (active)
Scrolls
 h - 2 scrolls of identify {unknown}
 i - 2 scrolls of acquirement {unknown}
 j - 2 scrolls of fog {unknown}
 k - a scroll of amnesia {unknown}
 m - a scroll of noise {unknown}
 o - a scroll of silence {unknown}
 p - a scroll of immolation {unknown}
 q - a scroll of butterflies {unknown}
Potions
 e - a potion of heal wounds {unknown}
 g - 2 potions of enlightenment {unknown}
 n - a potion of curing {unknown}


   Skills:
 + Level 3.1 Fighting
 - Level 2.0 Short Blades
 - Level 2.0 Throwing
 + Level 2.5 Dodging
 + Level 6.3 Stealth
 * Level 0.7 Shapeshifting


You had 3 spell levels left.
You didn't know any spells.
Your spell library contained the following spells:

 Spells                   Type           Power      Damage    Failure   Level
 Blink                    Tloc           0%         N/A       43%         2
 Manifold Assault         Tloc           0%         N/A       97%         4


Dungeon Overview and Level Annotations

Branches:
Dungeon (3/15)

Altars:

Shops:
D:3 !


Innate Abilities, Weirdness & Mutations

You are a hulking beast.
Your limbs bulge with bestial killing power. (Slay +0)
You cannot wear most types of armour.
You are amphibious.
You can wear up to eight rings at the same time.
Your skin changes colour to match your surroundings (Stealth+).
Your rubbery body absorbs attacks. (AC +1, EV +1)
((You are camouflaged when in or above water. (Stealth+)))
You have tentacles for arms and can constrict up to eight enemies at once.


Message History

The orc moves out of view.
There is an open door here.
There are monsters nearby!
The orc shouts! x3
The orc throws a boomerang.
The boomerang hits you.
The orc shouts!
An endoplasm comes into view.
The orc barely misses you. The orc closely misses you.
The endoplasm quivers.
You hit the orc. You grab the orc.
The orc is severely wounded.
You constrict the orc.
You kill the orc!
The orc closely misses you.
You barely miss the orc. You grab the orc.
You constrict the orc, but do no damage.
The orc misses you. The orc barely misses you.
You hit the orc. You squeeze the orc, but do no damage.
The orc is lightly wounded.
You constrict the orc, but do no damage.
The orc completely misses you. The orc barely misses you.
You hit the orc but do no damage. You squeeze the orc, but do no damage.
The orc is lightly wounded.
You constrict the orc, but do no damage.
The orc barely misses you.
The orc hits you with a +0 mace of venom.
You are poisoned.
The orc hits you but does no damage.
You release your grip on the orc.
The orc attacks as you move away! The orc closely misses you.
You feel very sick.
You feel very sick.
There is an open door here.
The orc attacks as you move away! The orc hits you with a +0 falchion!
* * * LOW HITPOINT WARNING * * *
The orc attacks as you move away! The orc hits you with a +0 dagger.
* * * LOW HITPOINT WARNING * * *
x2 You feel very sick.
You barely miss the orc. Your grab misses the orc.
You die...

########## .........#
########## .........#
#........# .....:)..#
#........#
........o#####........#####
.......Jooh................
.........#######.......##..
####'##### #.......##.. #.
#.......##.. . #.......##..
. #.......##.. .#
#.......##.. ##.......##..
...'.......'...


You could see 3 orcs and an endoplasm.

Vanquished Creatures
  An orc priest (D:2)
  Natasha (D:3)
  An adder (D:2)
  A dart slug (D:1)
  4 orcs
  6 endoplasms
  4 goblins
  A hobgoblin (D:2)
  2 quokkas
  3 ball pythons (D:2)
  4 bats
  3 frilled lizards
  6 rats
37 creatures vanquished.

Notes
Turn   | Place    | Note
-------+----------+-------------------------------------------
     0 | D:1      | Ethylacetat the Octopode Brigand began the quest for the
                  | Orb.
     0 | D:1      | Reached XP level 1. HP: 14/14 MP: 1/1
   588 | D:1      | Reached XP level 2. HP: 19/19 MP: 2/2
  1039 | D:2      | Reached skill level 6 in Stealth
  1039 | D:2      | Reached XP level 3. HP: 9/25 MP: 3/3
  1192 | D:2      | Reached XP level 4. HP: 26/30 MP: 4/4
  1328 | D:2      | Found a faded altar of an unknown god.
  1935 | D:3      | Found Obykk's Distillery.
  2009 | D:3      | Noticed Natasha
  2017 | D:3      | Killed Natasha
  2072 | D:3      | HP: 1/31 [poisoned by an orc]
  2073 | D:3      | Succumbed to an orc's poison

Illustrated notes

Levels and vault maps discovered:
D:1:      minmay_arrival_solitary_statue, layout_basic
D:2:      layout_rooms, hellmonk_ecumenical_altar_slurped_away
D:3:      layout_basic, serial_shops, shop_statue, uniq_natasha

Skill      XL: |  1  2  3  4 |
---------------+-------------+-----
Dodging        | 2 |  2.5
Stealth        | 6 |  6.3
Fighting       | 3 |  3.1
Short Blades   | |  2.0
Throwing       | |  2.0
Shapeshifting  | |  0.7

Action                     |  1- 3 |  4- 6 || total
---------------------------+-------+-------++-------
  Melee: Dagger            |    39 |    34 ||    73
         Constrict         |     8 |     8 ||    16
         Tentacles         |     7 |     9 ||    16
   Stab: Sleeping          |     4 |     8 ||    12
 Armour: Skin              |     2 |     1 ||     3
  Dodge: Dodged            |    25 |    28 ||    53
   Form: Beast             |       |     1 ||     1

Table legend: (Time is in decaauts)
 A = Elapsed time spent in this place.
 B = Non-inter-level travel time spent in this place.
 C = Inter-level travel time spent in this place.
 D = Time resting spent in this place.
 E = Time spent auto-exploring this place.
 F = Levels seen in this place.
 G = Mean time per level.
                   A        B        C        D        E       F      G
               +--------+--------+--------+--------+--------+-----+--------+
         Total |   2073 |   1990 |     83 |    144 |   1575 |   3 |  691.0 |
       Dungeon |   2073 |   1990 |     83 |    144 |   1575 |   3 |  691.0 |
               +--------+--------+--------+--------+--------+-----+--------+

Top non-repeatable levels by time:
     D:1: 969 daAuts
     D:2: 668 daAuts
     D:3: 434 daAuts
